 Dungeon Crawl Stone Soup version 0.17.0-15-g6d90897 (webtiles) character file.

70450 4thArraOfDagon the Executioner (level 14, 118/118 HPs)
             Began as a Minotaur Berserker on Nov 10, 2015.
             Was a High Priest of Trog.
             Quit the game on level 11 of the Dungeon.
             The game lasted 00:52:34 (8063 turns).

4thArraOfDagon the Executioner (Minotaur Berserker) Turns: 8063, Time: 00:52:34

Health: 118/118    AC: 28    Str: 22    XL:     14   Next: 94%
Magic:  13/13      EV:  9    Int:  7    God:    Trog [*****.]
Gold:   878        SH:  2    Dex: 26    Spells: 0 memorised, 13 levels left

rFire  x . .     SeeInvis .     T - +1 executioner's axe (venom)
rCold  + + +     Clarity  .     y - +1 plate armour
rNeg   + . .     SustAt   .     (shield currently unavailable)
rPois  +         Gourm    .     (helmet unavailable)
rElec  .         Spirit   .     O - +2 cloak {rC+}
rCorr  .         Warding  .     C - +1 pair of gloves "Nunynt" {rF- rC+ MR+ Dex+4}
rMut   .         Stasis   .     L - +1 pair of boots {Stlth+}
MR     ++...                    d - amulet of regeneration
Stlth  +.........               Z - ring "Baraop" {*Corrode rC+ rN+ Dex+10 Stlth+}
                                (no ring)

@: very resistant to hostile enchantments, very unstealthy
A: retaliatory headbutt, claws 1, horns 3, large bone plates 1, camouflage 1,
poison resistance, screaming 1, MP-powered wands
a: Berserk, Trog's Hand, Brothers in Arms, Burn Spellbooks, Renounce Religion


You were on level 11 of the Dungeon.
You worshipped Trog.
Trog was extremely pleased with you.
You were not hungry.

You visited 3 branches of the dungeon, and saw 22 of its levels.
You also visited: Labyrinth and Ice Cave.

You collected 1491 gold pieces.
You spent 613 gold pieces at shops.

Inventory:

Hand Weapons
 T - a +1 executioner's axe of venom (weapon)
Armour
 y - a +1 plate armour (worn)
 C - the +1 pair of gloves "Nunynt" (worn) {rF- rC+ MR+ Dex+4}
   (You found it in a labyrinth)

   It affects your dexterity (+4).
   It makes you vulnerable to fire.
   It protects you from cold.
   It affects your resistance to hostile enchantments.
 L - a +1 pair of boots of stealth (worn)
 O - a +2 cloak of cold resistance (worn)
 Q - a +1 hat
Rods
 P - a +6 rod of destruction (9/9)
   (You found it on level 3 of the Elven Halls)
Jewellery
 d - an amulet of regeneration (around neck)
 f - the ring "Wetzups" {rElec EV+2 Slay+5}
   (You found it on level 3 of the Elven Halls)

   [ring of evasion]

   It affects your evasion (+2).
   It affects your accuracy and damage with ranged weapons and melee attacks
   (+5).
   It insulates you from electricity.
 F - the ring "Napn" {+/*Tele rF+}
   (You found it on level 3 of the Elven Halls)

   [ring of teleportation]

   It may teleport you to nearby monsters, and can be evoked to randomly
   teleport.
   It protects you from fire.
 J - an uncursed amulet of stasis
 K - the ring "Xaoceat" {Fire *Corrode +Inv rN++ SInv}
   (You found it on level 10 of the Dungeon)

   [ring of fire]

   It enhances your fire magic, and weakens your ice magic.
   It protects you from fire.
   It makes you vulnerable to cold.
   It greatly protects you from negative energy.
   It lets you see invisible.
   It lets you turn invisible.
   It may corrode your equipment when you take damage.
 V - an uncursed ring of sustain attributes
 Y - the ring of Xom's Whim {rElec rPois MP+9 Int+4 Stlth-}
   (You found it on level 3 of the Elven Halls)

   [ring of poison resistance]

   It affects your intelligence (+4).
   It insulates you from electricity.
   It protects you from poison.
   It affects your magic capacity (+9).
   It makes you less stealthy.
 Z - the ring "Baraop" (right hand) {*Corrode rC+ rN+ Dex+10 Stlth+}
   (You found it on level 3 of the Elven Halls)

   [ring of stealth]

   It affects your dexterity (+10).
   It protects you from cold.
   It protects you from negative energy.
   It may corrode your equipment when you take damage.
   It makes you more stealthy.
Wands
 U - a wand of disintegration (6)
Scrolls
 k - a scroll of remove curse
 A - 2 scrolls of immolation
 I - a scroll of enchant armour
 N - 2 scrolls of recharging
 R - 2 scrolls of fog
 S - a scroll of identify
Potions
 e - 4 potions of flight
 h - 2 potions of berserk rage
 i - 12 potions of curing
 n - 2 potions of brilliance
 o - a potion of magic
 p - 7 potions of might
 q - a potion of invisibility
 r - 3 potions of cancellation
 s - 3 potions of resistance
 t - 2 potions of lignification
 v - a potion of ambrosia
 w - 2 potions of heal wounds
 D - a potion of agility
Books
 g - a book of Transfigurations

   Spells                             Type                      Level
   a - Stoneskin                      Transmutation/Earth          2
   b - Irradiate                      Conjuration/Transmutation    5
   c - Statue Form                    Transmutation/Earth          6
   d - Hydra Form                     Transmutation                6
   e - Dragon Form                    Transmutation                7
   Trog disapproves of the use of such an item.
 l - the Almanac of Earthen Moulding
   (You found it on level 3 of the Elven Halls)

   Spells                             Type                      Level
   a - Sandblast                      Earth                        1
   b - Beastly Appendage              Transmutation                1
   c - Leda's Liquefaction            Hexes/Earth                  4
   d - Hydra Form                     Transmutation                6
   e - Dragon Form                    Transmutation                7
   Trog disapproves of the use of such an item.
 u - a book of Debilitation

   Spells                             Type                      Level
   a - Corona                         Hexes                        1
   b - Slow                           Hexes                        2
   c - Gell's Gravitas                Hexes/Translocation          3
   d - Inner Flame                    Hexes/Fire                   3
   e - Cause Fear                     Hexes                        4
   f - Leda's Liquefaction            Hexes/Earth                  4
   Trog disapproves of the use of such an item.
 x - a book of Alchemy

   Spells                             Type                      Level
   a - Sublimation of Blood           Necromancy                   2
   b - Ignite Poison                  Fire/Transmutation/Poison    3
   c - Alistair's Intoxication        Transmutation/Poison         4
   d - Condensation Shield            Ice                          4
   e - Petrify                        Transmutation/Earth          4
   f - Irradiate                      Conjuration/Transmutation    5
   Trog disapproves of the use of such an item.
 B - a book of Enchantments

   Spells                             Type                      Level
   a - Cause Fear                     Hexes                        4
   b - Silence                        Hexes/Air                    5
   c - Deflect Missiles               Charms/Air                   6
   d - Haste                          Charms                       6
   e - Discord                        Hexes                        8
   Trog disapproves of the use of such an item.
 E - the Grimoire of Orientation and Creation
   (You found it in a labyrinth)

   Spells                             Type                      Level
   a - Apportation                    Translocation                1
   b - Blink                          Translocation                2
   c - Recall                         Summoning/Translocation      3
   d - Passage of Golubria            Translocation                4
   e - Warp Weapon                    Charms/Translocation         5
   f - Summon Forest                  Summoning/Translocation      5
   Trog disapproves of the use of such an item.
Miscellaneous
 a - a fan of gales
 b - a legendary deck of summoning {the Illusion}
 m - a plain deck of defence {drawn: 4}
 G - a plain deck of changes
 H - a disc of storms
 M - a box of beasts
 W - a lamp of fire
 X - a plain deck of escape
Comestibles
 c - 2 bread rations
 j - 4 meat rations
 z - 5 chunks of flesh


   Skills:
 - Level 9.3 Fighting
 * Level 24.0 Axes
 - Level 14.1 Armour
 - Level 2.1 Dodging
 * Level 1.2 Evocations


You had 13 spell levels left.
You didn't know any spells.

Dungeon Overview and Level Annotations

Branches:
Dungeon (15/15)               Orc (4/4) D:11            Elf (3/3) Orc:4
 Vaults (0/5) D:13
 Temple: D:4-7         Lair: D:8-11      Depths: D:15

Altars:
Fedhas
Gozag
Kikubaaqudgha
Nemelex Xobeh
Sif Muna
Vehumet
Xom
Yredelemnul
Zin
Beogh

Shops:
D:4 **:*   D:6 =!   Orc:4 [((*

Portals:
Trove: D:11 (give wand of hasting (9))

Annotations:
D:5 4thArraOfDagon's ghost, amateur MiFi


Innate Abilities, Weirdness & Mutations

You reflexively headbutt those who attack you in melee.
You have a pair of large horns on your head.
You have sharp fingernails.
You are partially covered in large bone plates (AC +2, SH +2).
Your skin changes colour to match your surroundings (Stealth).
Your system is resistant to poisons.
You occasionally shout uncontrollably at your foes.
You expend magic power (3 MP) to strengthen your wands.


Message History

The hound bites you but does no damage.
You open the hound like a pillowcase!!!
You kill the hound!
Trog accepts your kill.
You are feeling hungry.
Eat one of 6 chunks of flesh? (ye/n/q/i?) This raw flesh tastes terrible.
You continue eating. x2
You see here a chain mail.
You see here a chain mail.
You see here a pair of boots.
There is an open door here.
There is an open door here.
There is a stone staircase leading down here.
You climb downwards.
There is a stone staircase leading up here.
Unknown command.
Unknown command.
Enter note: FUCK Are you sure you want to abandon this character and quit the game? (Confirm with "yes".)

###.......'..................#...
####.##.#...###..##.##..#..#...
######.##.#...# #.##.##.........
.....#.##.#...### ..#...........#
######.##.#.....# #.####.##..##.#
#.##.##....# #.## #.##......
#.##.##....# #..# #.##..##.#
#.##.##....####.###.##..##.# #.#
.##....@................
######.##.##......###(##.##..<#..
........#.##......# #..#.###....)
#.####..#.##......# ##.#.# #....[
..####....######### ...# ##.#.#
#.##>#..### #..####.#.# #.##.|..#
#..#....#.# #.####..#
#######..#....#.# ........#
#........#....#.#


There were no monsters in sight!

Vanquished Creatures
  2 deep elf blademasters (Elf:3)
  2 deep elf master archers (Elf:3)
  Gastronok (D:9)
  Agnes (D:15)
  An orc warlord (Orc:4)
  Donald (D:13)
  A deep elf sorcerer (Elf:3)
  A frost giant (IceCv)
  4 deep elf demonologists (Elf:3)
  4 deep elf annihilators (Elf:3)
  3 deep elf death magi (Elf:3)
  A minotaur (Lab)
  2 deep elf high priests (Elf:3)
  2 centaur warriors (D:15)
  3 deep elf knights
  A skeletal warrior (D:13)
  A deep elf summoner (Elf:1)
  A flayed ghost (D:10)
  2 ice devils (D:15)
  4 hill giants
  An unseen horror (D:10)
  Pikel (D:7)
  3 deep elf conjurers
  3 orc sorcerers
  3 cyclopes
  9 ugly things
  Joseph (D:9)
  3 gargoyles
  A komodo dragon (D:14)
  17 polar bears (IceCv)
  2 trolls
  2 two-headed ogres
  Prince Ribbit (D:6)
  A trapdoor spider zombie (D:11)
  8 deep elf magi
  6 fire bats (D:10)
  A shadow (D:14)
  13 deep elf fighters
  17 yaks
  2 hippogriffs
  Grum (D:8)
  A wyvern (D:15)
  6 wraiths
  16 humans (D:13)
  3 vampire mosquitoes (D:12)
  A basilisk (D:15)
  A soldier ant (D:12)
  12 wolves
  2 wargs
  4 slaves
  A black bear (D:7)
  17 orc warriors
  5 sky beasts
  An eye of draining (D:11)
  An ice beast (D:14)
  A necrophage (D:12)
  3 ogres
  2 phantoms
  3 centaurs
  2 wasps
  A black bear (shapeshifter) (D:13)
  A big kobold (D:11)
  2 brain worms (D:12)
  8 giant frogs
  A gnoll sergeant (D:9)
  2 scorpions
  A wyvern skeleton (D:12)
  29 killer bees
  3 crimson imps
  3 wights
  A centaur zombie (D:8)
  22 orc wizards
  2 giant frog skeletons
  A giant frog zombie (D:12)
  A jelly (D:7)
  15 orc priests
  5 hounds
  6 worker ants
  2 iguanas
  2 sheep (Orc:4)
  A hound skeleton (D:10)
  A worker ant zombie (D:11)
  6 gnolls
  4 adders
  3 shadow imps
  An adder zombie (D:5)
  An adder skeleton (D:5)
  A giant gecko (D:7)
  83 orcs
  A giant cockroach (D:3)
  7 jackals
  11 kobolds
  6 quokkas
  A ball python (D:3)
  57 bats
  A giant newt (D:5)
  5 goblins
  3 rats (D:2)
  2 crawling corpses (Elf:3)
519 creatures vanquished.

Vanquished Creatures (collateral kills)
  A deep elf demonologist (Elf:3)
  3 deep elf annihilators (Elf:3)
  2 deep elf death magi (Elf:3)
  A hydra (D:14)
  The ghost of 4thArraOfDagon the Cleaver, a journeyman VSBe of Trog (Orc:4)
  The ghost of xeno23 the Zephyrmancer, a novice TeAE of Vehumet (Lab)
  2 ugly things (D:15)
  A centaur simulacrum (D:14)
  2 orc warriors (Orc:4)
  A brain worm (D:15)
  An orc wizard (Orc:4)
  8 orcs (Orc:4)
24 creatures vanquished.

Vanquished Creatures (others)
  A shadow (D:15)
1 creature vanquished.

Grand Total: 544 creatures vanquished

Notes
Turn   | Place    | Note
--------------------------------------------------------------
     0 | D:1      | 4thArraOfDagon the Minotaur Berserker began the quest for the Orb.
     0 | D:1      | Reached XP level 1. HP: 19/19 MP: 0/0
    71 | D:2      | Reached XP level 2. HP: 27/27 MP: 1/1
    93 | D:3      | Found a glowing silver altar of Zin.
   108 | D:3      | Reached skill level 4 in Axes
   163 | D:3      | Reached ** piety under Trog
   192 | D:4      | Found Vuablil's Assorted Antiques.
   195 | D:4      | Noticed a phantom
   199 | D:4      | Bought a fizzy brown potion for 18 gold pieces
   199 | D:4      | Bought a fuming amethyst potion for 18 gold pieces
   224 | D:5      | Entered Level 5 of the Dungeon
   287 | D:4      | Found a sparkling altar of Nemelex Xobeh.
   305 | D:4      | Noticed an ogre
   310 | D:4      | Killed an ogre
   310 | D:4      | Reached skill level 5 in Axes
   310 | D:4      | Reached XP level 3. HP: 34/34 MP: 2/2
   310 | D:4      | Reached XP level 4. HP: 41/41 MP: 3/3
   319 | D:4      | Found Xeron's Assorted Antiques.
   332 | D:4      | Found Iduaku's Book Shoppe.
   359 | D:4      | Reached XP level 5. HP: 43/47 MP: 4/4
   543 | D:4      | Bought a bubbling black potion for 18 gold pieces
   571 | D:4      | Found Idiuv's Assorted Antiques.
   612 | D:6      | Noticed a deep elf mage
   617 | D:6      | Reached skill level 6 in Axes
   628 | D:5      | Reached skill level 5 in Fighting
   628 | D:5      | Reached XP level 6. HP: 28/56 MP: 5/5
   669 | D:5      | Noticed 4thArraOfDagon's ghost (amateur MiFi)
   829 | D:6      | Found a radiant altar of Vehumet.
   864 | D:6      | Noticed Prince Ribbit
   870 | D:5      | Noticed a centaur
   883 | D:5      | Killed a centaur
   883 | D:5      | Reached skill level 5 in Armour
   947 | D:7      | Noticed Pikel
   962 | D:8      | Noticed a wolf
   964 | D:8      | Noticed a wolf
   978 | D:6      | Killed a wolf
   978 | D:6      | Reached skill level 7 in Axes
   978 | D:6      | Reached XP level 7. HP: 23/61 MP: 6/6
   982 | D:6      | Found Nuohy's Distillery.
   991 | D:6      | Bought a potion of mutation for 35 gold pieces
   991 | D:6      | Gained mutation: Your system is resistant to poisons. [potion of mutation]
   991 | D:6      | Gained mutation: You expend magic power (3 MP) to strengthen your wands. [potion of mutation]
   991 | D:6      | Gained mutation: You have a pair of large horns on your head. [potion of mutation]
  1051 | D:6      | Found Soxyfel's Jewellery Emporium.
  1121 | D:7      | Reached skill level 8 in Axes
  1125 | D:7      | Found a blossoming altar of Fedhas.
  1129 | D:7      | Noticed a two-headed ogre
  1154 | D:7      | Killed a two-headed ogre
  1154 | D:7      | Reached skill level 9 in Axes
  1154 | D:7      | Reached XP level 8. HP: 45/71 MP: 7/7
  1204 | D:7      | Killed Pikel
  1204 | D:7      | Reached skill level 10 in Axes
  1252 | D:7      | Reached *** piety under Trog
  1300 | D:8      | Noticed a two-headed ogre
  1308 | D:8      | Killed a two-headed ogre
  1308 | D:8      | Reached XP level 9. HP: 57/81 MP: 8/8
  1374 | D:8      | Noticed a wolf
  1384 | D:8      | Killed a wolf
  1391 | D:8      | Killed a wolf
  1395 | D:8      | Noticed Grum
  1404 | D:8      | Killed Grum
  1404 | D:8      | Reached skill level 11 in Axes
  1620 | D:9      | Noticed Joseph
  1631 | D:9      | Killed Joseph
  1656 | D:9      | Reached skill level 12 in Axes
  1769 | D:10     | Entered Level 10 of the Dungeon
  1853 | D:10     | Reached **** piety under Trog
  1911 | D:11     | Reached XP level 10. HP: 83/91 MP: 9/9
  1946 | D:11     | Found a portal to a secret trove of treasure.
  2097 | D:11     | Found a labyrinth entrance.
  2102 | Lab      | Entered a labyrinth
  2107 | Lab      | Noticed xeno23's ghost (novice TeAE)
  2116 | Lab      | Killed xeno23's ghost
  2116 | Lab      | Reached skill level 13 in Axes
  2492 | Lab      | Noticed a minotaur
  2503 | Lab      | Killed a minotaur
  2503 | Lab      | Reached skill level 10 in Armour
  2513 | Lab      | Got a pair of faintly humming gloves
  2520 | Lab      | Identified the +1 pair of gloves "Nunynt" {rF- rC+ MR+ Dex+4} (You found it in a labyrinth)
  2522 | Lab      | Identified the Grimoire of Orientation and Creation (You found it in a labyrinth)
  2525 | Lab      | :(
  2632 | D:13     | Found a gate to the Vaults.
  2632 | D:13     | Noticed a hill giant
  2632 | D:13     | Noticed a skeletal warrior
  2632 | D:13     | Noticed a hill giant
  2632 | D:13     | Noticed Donald
  2637 | D:13     | Noticed a purple ugly thing
  2638 | D:13     | Reached skill level 14 in Axes
  2640 | D:13     | Killed a hill giant
  2642 | D:13     | Killed a hill giant
  2642 | D:13     | Reached XP level 11. HP: 97/97 MP: 10/10
  2644 | D:13     | Killed Donald
  2644 | D:13     | Reached skill level 15 in Axes
  2646 | D:13     | Killed a purple ugly thing
  2651 | D:13     | Killed a skeletal warrior
  2834 | D:14     | Reached skill level 16 in Axes
  2842 | D:15     | Entered Level 15 of the Dungeon
  2842 | D:15     | Noticed Agnes
  2856 | D:15     | Noticed a centaur warrior
  2857 | D:15     | Killed Agnes
  2904 | D:15     | Killed a centaur warrior
  2987 | D:15     | Reached skill level 17 in Axes
  2987 | D:15     | Reached XP level 12. HP: 98/104 MP: 11/11
  3006 | D:15     | Gained mutation: You are partially covered in large bone plates (AC +2, SH +2). [mutagenic meat]
  3039 | D:15     | Noticed a centaur warrior
  3057 | D:15     | Killed a centaur warrior
  3104 | D:15     | Got a fine arbalest
  3120 | D:15     | Noticed a hill giant
  3138 | D:15     | Killed a hill giant
  3160 | D:15     | Noticed an ice devil
  3160 | D:15     | Noticed an ice devil
  3162 | D:15     | Found a frozen archway.
  3170 | D:15     | Killed an ice devil
  3177 | D:15     | Killed an ice devil
  3186 | IceCv    | Entered an ice cave
  3198 | IceCv    | Gained mutation: You occasionally shout uncontrollably at your foes. [mutagenic meat]
  3199 | IceCv    | Gained mutation: Your spells are a little harder to cast, but a little more powerful. [mutagenic meat]
  3200 | IceCv    | Gained mutation: You have sharp fingernails. [mutagenic meat]
  3201 | IceCv    | Lost mutation: Your spells are a little harder to cast, but a little more powerful. [mutagenic meat]
  3224 | IceCv    | Reached skill level 18 in Axes
  3412 | IceCv    | Noticed a frost giant
  3422 | IceCv    | Killed a frost giant
  3659 | D:14     | Noticed a seven-headed hydra
  3706 | D:14     | Killed a seven-headed hydra
  3706 | D:14     | Reached skill level 19 in Axes
  3763 | D:14     | Reached XP level 13. HP: 111/111 MP: 12/12
  3865 | D:14     | Noticed a hill giant
  3941 | D:11     | Gained mutation: Your skin changes colour to match your surroundings (Stealth). [potion of beneficial mutation]
  4178 | D:10     | Found a deep blue altar of Sif Muna.
  4193 | D:10     | Found a basalt altar of Yredelemnul.
  4199 | D:10     | Reached ***** piety under Trog
  4203 | D:10     | Found a runed door.
  4205 | D:10     | Found a deep blue altar of Sif Muna.
  4211 | D:10     | Killed an unseen horror
  4236 | D:10     | Noticed a flayed ghost
  4242 | D:10     | Killed a flayed ghost
  4261 | D:10     | Got a pitted steel ring
  4280 | D:10     | Identified the ring "Xaoceat" {Fire *Corrode +Inv rN++ SInv} (You found it on level 10 of the Dungeon)
  4289 | D:10     | Found an ancient bone altar of Kikubaaqudgha.
  4301 | D:10     | Found a deep blue altar of Sif Muna.
  4326 | D:10     | Found a shimmering altar of Xom.
  4475 | D:6      | Killed Prince Ribbit
  4475 | D:6      | Received a gift from Trog
  4480 | D:6      | Bought a potion of heal wounds for 70 gold pieces
  4480 | D:6      | Bought a potion of might for 56 gold pieces
  4480 | D:6      | Bought a potion of degeneration for 14 gold pieces
  4481 | D:6      | Bought a potion of resistance for 140 gold pieces
  4496 | D:6      | Killed a deep elf mage
  4511 | D:4      | Bought a scroll labeled GAIKHL VIESIR for 24 gold pieces
  4511 | D:4      | Bought a scroll labeled HYALEG NEH OQU for 24 gold pieces
  4511 | D:4      | Bought a scroll labeled HYALEG NEH OQU for 24 gold pieces
  4585 | D:4      | Killed a phantom
  4594 | D:4      | Bought a scroll labeled KOJECAM SUSEUDGH for 20 gold pieces
  4594 | D:4      | Bought 2 scrolls labeled JEFAVE NIOSOIPP for 40 gold pieces
  4594 | D:4      | Bought a scroll of identify for 40 gold pieces
  4782 | D:12     | Reached skill level 20 in Axes
  4973 | D:12     | Noticed a brown ugly thing
  4983 | D:12     | Killed a brown ugly thing
  5153 | D:11     | no lair
  5153 | D:11     | no orcs
  5194 | D:11     | 6k behind
  5198 | D:11     | 1 more and ctrlq
  5351 | D:9      | Noticed Gastronok
  5362 | D:9      | Killed Gastronok
  5362 | D:9      | Reached ****** piety under Trog
  5537 | D:9      | Found an opulent altar of Gozag.
  5613 | D:10     | yuep
  5695 | D:10     | yep
  5995 | D:11     | Found a staircase to the Orcish Mines.
  5998 | Orc:1    | Entered Level 1 of the Orcish Mines
  5999 | Orc:1    | Found a roughly hewn altar of Beogh.
  6027 | Orc:4    | Entered Level 4 of the Orcish Mines
  6050 | Orc:4    | Noticed an orc warlord
  6056 | Orc:4    | Received a gift from Trog
  6060 | Orc:4    | Killed an orc warlord
  6062 | Orc:4    | Found Boedwoiwyl's Antique Weapon Boutique.
  6062 | Orc:4    | Found a roughly hewn altar of Beogh.
  6063 | Orc:4    | Reached skill level 21 in Axes
  6069 | Orc:4    | Found Xuff's Antique Armour Shop.
  6090 | Orc:4    | ofc
  6104 | Orc:4    | ofc
  6106 | Orc:4    | massive trash
  6180 | Orc:4    | Noticed 4thArraOfDagon's ghost (journeyman VSBe)
  6187 | Orc:4    | Killed 4thArraOfDagon's ghost
  6193 | Orc:4    | Found a roughly hewn altar of Beogh.
  6261 | Orc:4    | Found a roughly hewn altar of Beogh.
  6271 | Orc:4    | Found Puda's Weapon Shoppe.
  6301 | Orc:4    | Found a staircase to the Elven Halls.
  6312 | Orc:4    | Found a roughly hewn altar of Beogh.
  6313 | Orc:4    | Found Liokur's Assorted Antiques.
  6321 | Orc:4    | Received a gift from Trog
  6338 | Orc:4    | Bought a scroll of identify for 48 gold pieces
  6338 | Orc:4    | Bought a scroll labeled LEAQAB GATYMEU for 24 gold pieces
  6351 | Elf:1    | Entered Level 1 of the Elven Halls
  6423 | Elf:2    | Got an ancient ring mail
  6425 | Elf:2    | Reached XP level 14. HP: 70/118 MP: 13/13
  6468 | Elf:2    | Identified the cursed +0 ring mail "Omo Votiesu" {MR+ Str+2} (You found it on level 2 of the Elven Halls)
  6485 | Elf:3    | Entered Level 3 of the Elven Halls
  6584 | Elf:3    | Noticed a deep elf blademaster
  6598 | Elf:3    | Killed a deep elf blademaster
  6598 | Elf:3    | Reached skill level 22 in Axes
  6606 | Elf:3    | Noticed a deep elf blademaster
  6617 | Elf:3    | Killed a deep elf blademaster
  6641 | Elf:3    | Noticed a deep elf sorcerer
  6659 | Elf:3    | Killed a deep elf sorcerer
  6669 | Elf:3    | Reached skill level 23 in Axes
  6687 | Elf:3    | Noticed an Ice Fiend
  6795 | Elf:3    | Noticed a deep elf master archer
  6795 | Elf:3    | Noticed a deep elf master archer
  6808 | Elf:3    | Killed a deep elf master archer
  6811 | Elf:3    | Killed a deep elf master archer
  6897 | Elf:3    | Got a glittering copper ring
  6917 | Elf:3    | Got a transparent brass ring
  6970 | Elf:3    | Identified the ring "Wetzups" {rElec EV+2 Slay+5} (You found it on level 3 of the Elven Halls)
  6972 | Elf:3    | Identified the ring of Xom's Whim {rElec rPois MP+9 Int+4 Stlth-} (You found it on level 3 of the Elven Halls)
  6994 | Elf:3    | Identified the Almanac of Earthen Moulding (You found it on level 3 of the Elven Halls)
  7017 | Elf:3    | Got a sparkling platinum ring
  7022 | Elf:3    | Identified the ring "Napn" {+/*Tele rF+} (You found it on level 3 of the Elven Halls)
  7025 | Elf:3    | Got a brightly glowing glass ring
  7029 | Elf:3    | Identified the ring "Baraop" {*Corrode rC+ rN+ Dex+10 Stlth+} (You found it on level 3 of the Elven Halls)
  7112 | Elf:3    | Identified a +6 rod of destruction (9/9) (You found it on level 3 of the Elven Halls)
  7278 | D:11     | now
  7424 | D:8      | Noticed a deep elf mage
  7430 | D:8      | Killed a deep elf mage
  7430 | D:8      | Reached skill level 24 in Axes
  7560 | D:8      | ofc
  7616 | D:8      | ROTFL
  7660 | D:8      | WTF
  7743 | D:8      | FUCK?
  7859 | D:8      | Noticed a yak
  7859 | D:8      | Noticed a yak
  7859 | D:8      | Noticed a yak
  7860 | D:8      | Noticed a yak
  7860 | D:8      | Noticed a yak
  7875 | D:8      | Killed a yak
  7877 | D:8      | Killed a yak
  7879 | D:8      | Killed a yak
  7879 | D:8      | Reached skill level 1 in Evocations
  7881 | D:8      | Killed a yak
  7884 | D:8      | Killed a yak
  8063 | D:11     | FUCK
  8063 | D:11     | Quit the game

Action                   |  1- 3 |  4- 6 |  7- 9 | 10-12 | 13-15 || total
-------------------------+-------+-------+-------+-------+-------++-------
Melee: Hand axe          |    41 |    18 |       |       |       ||    59
       War axe           |       |    57 |    88 |       |       ||   145
       Battleaxe         |       |       |    44 |   223 |   442 ||   709
       Executioner's axe |       |       |       |       |    54 ||    54
Invok: Berserk           |     1 |     1 |     6 |     9 |     3 ||    20
       Trog's Hand       |       |       |     3 |     7 |    11 ||    21
       Brothers in Arms  |       |       |       |     3 |     7 ||    10
 Abil: Evoke Teleportati |       |       |       |       |     8 ||     8
Evoke: Deck              |       |       |     4 |       |       ||     4
       Wand              |       |       |       |       |     5 ||     5
  Use: Scroll            |     3 |     3 |     3 |     5 |    20 ||    34
       Potion            |       |       |     1 |     1 |     1 ||     3
 Stab: Distracted        |       |       |       |       |     2 ||     2
  Eat: Chunk             |       |     3 |    12 |    17 |    17 ||    49
       Pizza             |       |       |       |     1 |     1 ||     2
       Bread ration      |       |       |       |     1 |     2 ||     3
       Fruit             |       |       |       |     2 |       ||     2
